 Dungeon Crawl Stone Soup version 0.21.1-1-g345015fe64 (webtiles) character file.

485 Naru the Chopper (level 7, -1/55 HPs)
             Began as a Formicid Fighter on June 28, 2018.
             Killed from afar by a steam dragon (5 damage)
             ... with a ball of steam
             ... on level 4 of the Dungeon.
             The game lasted 00:05:16 (3139 turns).

Naru the Chopper (Formicid Fighter)                 Turns: 3139, Time: 00:05:17

Health: -1/55      AC:  9    Str: 21    XL:     7   Next: 35%
Magic:  7/7        EV:  6    Int:  7    God:
Gold:   174        SH: 10    Dex: 12    Spells: 6/6 levels left

rFire    + . .     SeeInvis +   a - +1 war axe
rCold    + + .     Gourm    .   c - +0 shield
rNeg     . . .     Faith    .   s - +0 chain mail
rPois    +         Spirit   .   (helmet unavailable)
rElec    +         Reflect  .   (no cloak)
rCorr    +         Harm     .   (no gloves)
MR       .....                  (no boots)
Stlth    ..........             (no amulet)
HPRegen  0.18/turn              i - ring of protection from cold
MPRegen  0.10/turn              (no ring)

@: resistant
A: permanent stasis, dig shafts and tunnels, four strong arms, antennae 3
a: Dig, Shaft Self


You were on level 4 of the Dungeon.
You were not hungry.

You visited 1 branch of the dungeon, and saw 4 of its levels.

You collected 174 gold pieces.

Inventory:

Hand Weapons
 a - a +1 war axe (weapon)
Missiles
 r - 7 tomahawks (quivered)
Armour
 c - a +0 shield (worn)
 s - a +0 chain mail (worn)
Jewellery
 i - a ring of protection from cold (left hand)
Scrolls
 j - a scroll of enchant weapon
 l - 2 scrolls of remove curse
 n - 2 scrolls of fear
 p - 2 scrolls of teleportation
Potions
 e - a potion of agility {unknown}
 g - a potion of flight {unknown}
 k - 3 potions of ambrosia
 o - a potion of degeneration {unknown}
Comestibles
 d - a chunk of flesh
 f - 3 rations


   Skills:
 * Level 4.5 Fighting
 * Level 5.9 Axes
 + Level 4.0 Armour
 + Level 1.0 Dodging
 + Level 0.3 Stealth
 + Level 4.5 Shields


You had 6 spell levels left.
You didn't know any spells.

Dungeon Overview and Level Annotations

Branches:
Dungeon (4/15)
 Temple: D:4-7

Altars:
Dithmenos
Elyvilon
Nemelex Xobeh
The Shining One

Annotations:
D:3 2 transporters


Innate Abilities, Weirdness & Mutations

You cannot be hasted, slowed, berserked, paralysed or teleported.
You can dig through walls and to a lower floor.
Your four strong arms can wield two-handed weapons with a shield.
You have a pair of large antennae on your head. (SInv)


Message History

You block the steam dragon's attack.
You feel protected. The steam dragon breathes steam at you.
The ball of steam hits you! You resist.
* * * LOW HITPOINT WARNING * * *
Unknown command.
You hit the steam dragon but do no damage.
The steam dragon is heavily wounded.
The steam dragon bites you.
* * * LOW HITPOINT WARNING * * *
You block the steam dragon's attack.
Your shield and chain mail prevent you from hitting the steam dragon.
The steam dragon is heavily wounded.
The steam dragon completely misses you. The steam dragon barely misses you.
You slash the steam dragon!
The steam dragon is severely wounded.
You block the steam dragon's attack. x2
The steam dragon breathes steam at you. The ball of steam hits you! You resist.
You die...

... #.####.# #.# #......
#####.# ##....####
#.....# #......... #
##.#.#.######....#
###...............#
.......#.#######§##
###......# #§#
####.#.### #@# ..####.#
#D# . ..# #.#
#######O####... #.# #..
............?.. .... ...
.$..D..........
......≈≈≈≈≈.............
?...≈≈≈≈≈≈≈≈≈...........
..≈≈≈≈≈ ≈≈≈≈≈≈.........
.≈≈≈≈≈≈ ≈≈≈≈≈≈≈........


You could see a steam dragon and an ogre.

Vanquished Creatures
  Grinder (D:3)
  An ogre (D:4)
  A worker ant (D:4)
  A hound skeleton (D:3)
  2 worker ant zombies (D:3)
  5 adders
  2 oozes
  3 dart slugs
  The ghost of Sapher the Grave Robber, a weakling GnNe (D:3)
  4 leopard geckos
  An orc (D:4)
  2 ball pythons
  5 bats
  4 giant cockroaches
  5 hobgoblins
  18 jackals
  A quokka (D:2)
  2 frilled lizards (D:1)
  4 goblins
  9 kobolds
  A leopard gecko skeleton (D:3)
  2 quokka zombies (D:3)
  8 rats
83 creatures vanquished.

Notes
Turn   | Place    | Note
-------+----------+-------------------------------------------
     0 | D:1      | Naru the Formicid Fighter began the quest for the Orb.
     0 | D:1      | Reached XP level 1. HP: 18/18 MP: 1/1
    42 | D:1      | Reached XP level 2. HP: 7/24 MP: 2/2
   404 | D:1      | Reached XP level 3. HP: 29/30 MP: 3/3
   731 | D:1      | Reached skill level 3 in Axes
  1086 | D:2      | Reached XP level 4. HP: 37/37 MP: 4/4
  1315 | D:2      | Found a white marble altar of Elyvilon.
  1570 | D:3      | Reached XP level 5. HP: 39/42 MP: 5/5
  1576 | D:3      | Found a white marble altar of Elyvilon.
  1658 | D:3      | Noticed Sapher's ghost (weakling GnNe)
  1667 | D:3      | Killed Sapher's ghost
  1681 | D:3      | Reached skill level 4 in Axes
  2007 | D:3      | Found a glowing golden altar of the Shining One.
  2145 | D:3      | Found a sparkling altar of Nemelex Xobeh.
  2145 | D:3      | Noticed an ogre
  2146 | D:3      | Noticed an ogre
  2146 | D:3      | Noticed a crocodile
  2147 | D:3      | Found a transporter.
  2161 | D:3      | Found a transporter.
  2163 | D:3      | Noticed Grinder
  2176 | D:3      | Killed Grinder
  2176 | D:3      | Reached skill level 5 in Axes
  2176 | D:3      | Reached XP level 6. HP: 29/49 MP: 6/6
  2479 | D:3      | Found a shadowy altar of Dithmenos.
  2656 | D:4      | Noticed an ogre
  2664 | D:4      | Killed an ogre
  2664 | D:4      | Reached skill level 1 in Dodging
  2664 | D:4      | Reached XP level 7. HP: 39/55 MP: 7/7
  3109 | D:4      | Noticed a steam dragon
  3139 | D:4      | Killed from afar by a steam dragon

Skill      XL: |  1  2  3  4  5  6  7 |
---------------+----------------------+-----
Axes           | 3 5 |  5.9
Shields        | 4 |  4.5
Fighting       | 4 |  4.5
Dodging        | 1 |  1.0
Armour         | 4 |  4.0
Stealth        | |  0.3

Action                   |  1- 3 |  4- 6 |  7- 9 || total
-------------------------+-------+-------+-------++-------
Melee: War axe           |   102 |   126 |    42 ||   270
  Use: Potion            |       |     1 |     2 ||     3
       Scroll            |       |     9 |       ||     9
  Eat: Chunk             |     1 |     2 |     1 ||     4
       Ration            |       |     1 |       ||     1
Armor: Scale mail        |    41 |    36 |       ||    77
       Chain mail        |       |     9 |    21 ||    30
Dodge: Dodged            |    49 |    30 |    12 ||    91
Block: Shield            |    67 |    72 |    20 ||   159
